cohdb
Replays
Latest Replays
All Replays
Popular Replays
Top Player Replays
Match Explorer
How It Works
Community
CoH3 Stats
Reddit
Sign in to upload your games and track your stats! →
Sign in with Steam
Match 42819296
Unlisted
Match 42819296
Overview
Messages
Build Orders
End
Construct Section Command Post
Dingo Light Scout Car
Infantry Section
Infantry Section
Construct Platoon Command Post
Selects Heavy Armor Battlegroup
Unlock M3 Stuart Light Tanks
M3 Stuart Light Tank
Selects Rigorous Vehicle Training
Selects Forward Repair Assembly
Selects UNKNOWN (2162094)
M3 Stuart Light Tank
Royal Engineer Section
M3 Stuart Light Tank
Infantry Section
Selects Light Vehicle Withdraw and Refit
Selects Radio Net
6-pounder Anti-tank Gun Team
6-pounder Anti-tank Gun Team
Selects Recon Artillery
Construct Company Command Post
Foot Guards Section
Recon Artillery
Unlock M3 Grant Medium Tanks
M3 Grant Medium Tank
Royal Engineer Section
Royal Engineer Section
M3 Grant Medium Tank
Recon Artillery
M3 Grant Medium Tank
theGshovE
JVM
Jork Sparra
帝国师-大护法
Dreamerpython
Sepp
cc<
北风
0
0
Comments
sign in to comment!
No comments posted yet!